 Dungeon Crawl Stone Soup version 0.30-a0-755-g0b50240ab4 (webtiles) character file.

Game seed: 5170015157837565810

103 CrazyBamboolord the Shield-Bearer (level 4, 0/44 HPs)
             Began as a Troll Fighter on Feb 9, 2023.
             Slain by a gnoll
             ... wielding a +0 club
              (3 damage)
             ... on level 3 of the Dungeon.
             The game lasted 00:03:22 (1345 turns).

CrazyBamboolord the Shield-Bearer (Troll Fighter)   Turns: 1345, Time: 00:03:23

Health: 0/44       AC:  4    Str: 26    XL:     4   Next: 51%
Magic:  3/3        EV:  8    Int:  4    God:
Gold:   134        SH:  8    Dex:  9    Spells: 3/3 levels left

rFire   . . .      SeeInvis .      - Unarmed
rCold   . . .      Faith    .    b - +0 kite shield
rNeg    . . .      Spirit   .    a - +0 robe
rPois   .          Reflect  .    (helmet restricted)
rElec   .          Harm     .    (no cloak)
rCorr   .          Rampage  .    (gloves unavailable)
Will    .....                    (boots unavailable)
Stlth   +                        o - amulet of regeneration
HPRegen 1.87/turn                (no ring)
MPRegen 0.08/turn                (no ring)

@: no status effects
A: large, unfitting armour, claws 3, regeneration 1, shaggy fur 1, tough skin 1
a: no special abilities


You were on level 3 of the Dungeon.
You visited 1 branch of the dungeon, and saw 3 of its levels.

You collected 134 gold pieces.

Inventory:

Armour
 a - a +0 robe (worn)
 b - a +0 kite shield (worn)
Jewellery
 o - an amulet of regeneration (around neck)
 q - an amulet of magic regeneration
Scrolls
 j - a scroll of teleportation
 n - 2 scrolls of identify
Potions
 c - 4 potions of might
 d - a potion of mutation {unknown}
 f - a potion of haste {unknown}
 g - 5 potions of curing
 h - a potion of magic {unknown}
 i - a potion of attraction {unknown}
 l - a potion of resistance {unknown}
 m - a potion of degeneration {unknown}


   Skills:
 * Level 2.8 Fighting
 * Level 3.0 Dodging
 * Level 3.3 Shields
 * Level 3.1 Unarmed Combat


You had 3 spell levels left.
You didn't know any spells.
Your spell library contained the following spells:

 Spells                   Type           Power      Damage    Failure   Level
 Summon Small Mammal      Summ           0%         N/A       80%         1
 Lesser Beckoning         Tloc           0%         N/A       90%         2
 Call Canine Familiar     Summ           0%         N/A       99%         3
 Gell's Gravitas          Tloc           0%         N/A       99%         3
 Ignite Poison            Fire/Tmut/Pois 0%         N/A       99%         3
 Kindle Blastsparks       Fire/Tloc/Air  0%         2d10      99%         3
 Summon Guardian Golem    Hex/Summ       0%         N/A       99%         3
 Teleport Other           Tloc           0%         N/A       99%         3
 Freezing Cloud           Conj/Ice/Air   0%         6-21      100%        5


Dungeon Overview and Level Annotations

Branches:
Dungeon (3/15)

Altars:


Innate Abilities, Weirdness & Mutations

You are too large for most types of armour.
You have claws for hands.
Your natural rate of healing is unusually fast.
You are covered in fur. (AC +1)
You have tough skin. (AC +1)


Message History

You claw the gnoll!
The gnoll is heavily wounded.
The gnoll closely misses you.
You closely miss the gnoll.
The gnoll is heavily wounded.
You block the gnoll's attack. The gnoll hits you with a +0 spear.
You scratch the gnoll.
The gnoll is severely wounded.
The gnoll hits you from afar with a +0 halberd.
The gnoll barely misses you.
You claw the gnoll!
You kill the gnoll!
The gnoll hits you from afar with a +0 halberd!
The gnoll hits you with a +0 flail.
Your Unarmed Combat skill increases to level 3!
You completely miss the gnoll.
The gnoll hits you from afar with a +0 halberd.
You block the gnoll's attack. The gnoll hits you with a +0 flail.
You claw the gnoll!
The gnoll is severely wounded.
The gnoll barely misses you. The gnoll hits you with a +0 flail!
You claw the gnoll!
You kill the gnoll!
You block the gnoll's attack. The gnoll barely misses you.
The gnoll hits you with a +0 halberd.
You see here a +0 flail.
You scratch the gnoll.
The gnoll is lightly wounded.
You hear the slow rusting of a distant drain.
You block the gnoll's attack. The gnoll hits you with a +0 club.
You completely miss the gnoll.
The gnoll is lightly wounded.
The gnoll hits you with a +0 club. The gnoll hits you with a +0 halberd.
The gnoll hits you but does no damage. The gnoll hits you with a +0 halberd!
* * * LOW HITPOINT WARNING * * *
You scratch the gnoll.
The gnoll is heavily wounded.
The gnoll hits you with a +0 club.
You die...

#.. #.# ####
###.###########...
#>............'...
#.#############...
#.# #... #.# #...
#.# #... #.##@####
#.^. #..gg...#
#### ####.##.# #.#
# #.# #.# #.# #..
##.


You could see 2 gnolls.

Vanquished Creatures
  3 gnolls
  An adder (D:3)
  An ufetubus (D:3)
  A worm (D:2)
  2 dart slugs (D:1)
  2 ball pythons
  5 endoplasms
  4 giant cockroaches
  4 hobgoblins
  5 kobolds
  A quokka (D:3)
  3 bats (D:1)
  13 frilled lizards
  7 goblins
  A rat (D:1)
53 creatures vanquished.

Vanquished Creatures (others)
  3 plants (D:2)
3 creatures vanquished.

Grand Total: 56 creatures vanquished

Notes
Turn   | Place    | Note
-------+----------+-------------------------------------------
     0 | D:1      | CrazyBamboolord the Troll Fighter began the quest for the
                  | Orb.
     0 | D:1      | Reached XP level 1. HP: 22/22 MP: 0/0
    79 | D:1      | Reached XP level 2. HP: 29/29 MP: 1/1
   263 | D:1      | Reached XP level 3. HP: 36/36 MP: 2/2
  1298 | D:3      | Reached XP level 4. HP: 44/44 MP: 3/3
  1344 | D:3      | HP: 1/44 [gnoll/+0 halberd (13)]
  1345 | D:3      | Slain by a gnoll

Illustrated notes

Levels and vault maps discovered:
D:1:      lemuel_arrival_tunnels, layout_loops_ring
D:2:      layout_basic, minmay_lizard_king
D:3:      layout_basic, serial_shops, shop, cheibrodos_sewer_entry_sluice

Skill      XL: |  1  2  3  4 |
---------------+-------------+-----
Shields        | 3 |  3.3
Dodging        | 3 |  3.0
Unarmed Combat | 3 |  3.1
Fighting       | |  2.8

Action                     |  1- 3 |  4- 6 || total
---------------------------+-------+-------++-------
  Melee: Unarmed           |   117 |    17 ||   134
    Use: Scroll            |     6 |       ||     6
 Armour: Robe              |    48 |     5 ||    53
  Dodge: Dodged            |    60 |     7 ||    67
  Block: Kite shield       |    59 |     5 ||    64

Table legend: (Time is in decaauts)
 A = Elapsed time spent in this place.
 B = Non-inter-level travel time spent in this place.
 C = Inter-level travel time spent in this place.
 D = Time resting spent in this place.
 E = Time spent auto-exploring this place.
 F = Levels seen in this place.
 G = Mean time per level.
                   A        B        C        D        E       F      G
               +--------+--------+--------+--------+--------+-----+--------+
         Total |   1357 |   1286 |     71 |      0 |    906 |   3 |  452.3 |
       Dungeon |   1357 |   1286 |     71 |      0 |    906 |   3 |  452.3 |
               +--------+--------+--------+--------+--------+-----+--------+

Top non-repeatable levels by time:
     D:1: 776 daAuts
     D:2: 479 daAuts
     D:3: 101 daAuts
